Workbook

Sheet March 2017
A1: Check Number | D1: Check Date | E1: Vendor Name | G1: Transaction Amount | U1: Description | V1: Account Name | W1: Department | X1: Division | Y1: Project Number
A2: 452603 | D2: 42808 | E2: BOB TOMES FORD | G2: 998.79 | U2: BLANKET PURCHASE ORDER | V2: AUTO MAINTENANCE | W2: EQUIPMENT SERVICES | X2: EQUIP SERV-SHARED
A12: 452973 | D12: 42815 | G12: 370.49 | U12: BLANKET PURCHASE ORDER | V12: AUTO MAINTENANCE | W12: EQUIPMENT SERVICES | X12: EQUIP SERV-SHARED
G16: -75 | U16: INV# 24591 | V16: AUTO MAINTENANCE | W16: EQUIPMENT SERVICES | X16: EQUIP SERV-SHARED
M18: =SUM(hList_Frame_1!B1:B15) -> 1294.28
A20: 452112 | D20: 42801 | E20: BOB BARKER COMPANY INC | G20: 597.79 | U20: PERSONAL HYGIENE&GROOMING | V20: DETENTION SUPPLIES | W20: JUVENILE PROBATION | X20: JUV DET -ADMIN
G21: 37.2 | U21: TEXTILES/FIBERS/LINENS | V21: DETENTION SUPPLIES | W21: JUVENILE PROBATION | X21: JUV DET -ADMIN
A22: 452604 | D22: 42808 | G22: 605.88 | U22: CLOTHING AND APPAREL | V22: DETENTION SUPPLIES | W22: SHERIFF'S OFFICE | X22: JAIL OPS-ADMIN
M24: =SUM(hList_Frame_1!B16:B18) -> 1240.87
A26: 452605 | D26: 42808 | E26: ECOLAB INC | G26: 3472.65 | U26: JANITORIAL SUPPLIES-GEN. | V26: ANIMAL CARE | W26: ANIMAL SHELTER | X26: ANIMAL SHELTER-ADMIN
M28: =SUM(hList_Frame_1!B19:B19) -> 3472.65
A30: 452113 | D30: 42801 | E30: MATTHEW BENDER & CO INC | G30: 196.18 | U30: BLANKET PURCHASE ORDER | V30: LIBRARY UPDATES | W30: BUDGET | X30: LAW LIBRARY-ADMIN
O32: =SUM(hList_Frame_1!B20:B20) -> 196.18
A34: 452463 | D34: 42808 | E34: GIBBS, GREGG M PC | G34: 5000 | U34: 366-82284-14 | V34: COURT APPOINTED ATTORNEY | W34: COURT APPT REPRESENTATION | X34: COURT APPT REPRESENTATION | Y34: ID199N
A35: 452464 | D35: 42808 | G35: 4316.96 | U35: 417-30067-14 | V35: COURT APPOINTED ATTORNEY | W35: COURT APPT REPRESENTATION | X35: COURT APPT REPRESENTATION | Y35: ID417A
V36: MISCELLANEOUS | W36: COURT APPT REPRESENTATION | X36: COURT APPT REPRESENTATION | Y36: ID417A
M38: =SUM(hList_Frame_1!B21:B23) -> 9316.96
A40: 452005 | D40: 42801 | E40: HEIDENHEIMER, MARK | G40: 450 | V40: COURT APPOINTED ATTORNEY | W40: COURT APPT REPRESENTATION | X40: COURT APPT REPRESENTATION | Y40: IDCL6M
G42: 500 | V42: COURT APPOINTED ATTORNEY | W42: COURT APPT REPRESENTATION | X42: COURT APPT REPRESENTATION | Y42: ID296F
A43: 452465 | D43: 42808 | G43: 450 | V43: COURT APPOINTED ATTORNEY | W43: COURT APPT REPRESENTATION | X43: COURT APPT REPRESENTATION | Y43: IDCL5M
G44: 450 | V44: COURT APPOINTED ATTORNEY | W44: COURT APPT REPRESENTATION | X44: COURT APPT REPRESENTATION | Y44: IDCL7N
A45: 452876 | D45: 42815 | G45: 100 | V45: COURT APPOINTED ATTORNEY | W45: COURT APPT REPRESENTATION | X45: JUVENILE COURT-IND DEF | Y45: ID417J
G46: 100 | V46: COURT APPOINTED ATTORNEY | W46: COURT APPT REPRESENTATION | X46: JUVENILE COURT-IND DEF | Y46: ID417J
G47: 100 | V47: COURT APPOINTED ATTORNEY | W47: COURT APPT REPRESENTATION | X47: JUVENILE COURT-IND DEF | Y47: ID417J
G48: 100 | V48: COURT APPOINTED ATTORNEY | W48: COURT APPT REPRESENTATION | X48: JUVENILE COURT-IND DEF | Y48: ID417J
G49: 100 | V49: COURT APPOINTED ATTORNEY | W49: COURT APPT REPRESENTATION | X49: JUVENILE COURT-IND DEF | Y49: ID417J
G50: 100 | V50: COURT APPOINTED ATTORNEY | W50: COURT APPT REPRESENTATION | X50: JUVENILE COURT-IND DEF | Y50: ID417J
M52: =SUM(hList_Frame_1!B24:B33) -> 2450
A54: 452114 | D54: 42801 | E54: POLLOCK PAPER DISTRIBUTORS | G54: 33.6 | U54: HOSPITAL SUNDRIES | V54: JANITORIAL SUPPLIES | W54: JUVENILE PROBATION | X54: JUV DET -ADMIN
A55: 452606 | D55: 42808 | G55: 1918.6 | U55: JANITORIAL SUPPLIES | V55: JANITORIAL SUPPLIES | W55: SHERIFF'S OFFICE | X55: JAIL OPS-ADMIN
M57: =SUM(hList_Frame_1!B34:B35) -> 1952.2
A59: 452115 | D59: 42801 | E59: THOMASON TIRE INC | G59: 2084.46 | U59: AUTO/TRUCK MAINT. ITEMS | V59: AUTO MAINTENANCE | W59: EQUIPMENT SERVICES | X59: EQUIP SERV-SHARED
A61: 453357 | D61: 42822 | G61: 519.8 | U61: BLANKET PURCHASE ORDER | V61: AUTO MAINTENANCE | W61: EQUIPMENT SERVICES | X61: EQUIP SERV-SHARED
M63: =SUM(hList_Frame_1!B36:B38) -> 2604.26
A65: 452607 | D65: 42808 | E65: WEST PUBLISHING CORPORATION | G65: 538 | U65: BLANKET PURCHASE ORDER | V65: LIBRARY BOOKS | W65: DISTRICT ATTORNEY | X65: DA-ADMIN
A66: 452608 | D66: 42808 | G66: 2950.18 | U66: BLANKET PURCHASE ORDER | V66: COMMUNICATION LINE LEASE | W66: BUDGET | X66: LAW LIBRARY-ADMIN
A67: 452609 | D67: 42808 | G67: 6551 | U67: BLANKET PURCHASE ORDER | V67: LIBRARY UPDATES | W67: BUDGET | X67: LAW LIBRARY-ADMIN
A68: 452974 | D68: 42815 | G68: 291.04 | U68: PUBLICATIONS/AUDIOVISUALS | V68: DUES & SUBSCRIPTIONS | W68: UNALLOCATED | X68: NON-DEPARTMENTAL
A69: 453358 | D69: 42822 | G69: 3550.96 | U69: BLANKET PURCHASE ORDER | V69: LIBRARY BOOKS | W69: DISTRICT ATTORNEY | X69: DA-ADMIN
A70: 453359 | D70: 42822 | G70: 58 | U70: PUBLICATIONS/AUDIOVISUALS | V70: DUES & SUBSCRIPTIONS | W70: UNALLOCATED | X70: NON-DEPARTMENTAL
K72: =SUM(hList_Frame_1!B39:B44) -> 13939.18
A74: 452116 | D74: 42801 | E74: PLANO POWER EQUIPMENT | G74: 15.51 | U74: BLANKET PURCHASE ORDER | V74: GROUNDS EQUIPMENT MAINT | W74: EQUIPMENT SERVICES | X74: EQUIP SERV-SHARED
A75: 452610 | D75: 42808 | G75: 72.53 | U75: BLANKET PURCHASE ORDER | V75: GROUNDS EQUIPMENT MAINT | W75: EQUIPMENT SERVICES | X75: EQUIP SERV-SHARED
R78: =SUM(hList_Frame_1!B45:B47) -> 88.04
A80: 452117 | D80: 42801 | E80: GEBO CREDIT CORPORATION | G80: 23.83 | U80: BLANKET PURCHASE ORDER | V80: ANIMAL CARE | W80: ANIMAL SHELTER | X80: ANIMAL SHELTER-ADMIN
A81: 452611 | D81: 42808 | G81: 80.42 | U81: BLANKET PURCHASE ORDER | V81: ANIMAL CARE | W81: ANIMAL SHELTER | X81: ANIMAL SHELTER-ADMIN
O83: =SUM(hList_Frame_1!B48:B49) -> 104.25
A85: 452118 | D85: 42801 | E85: BEN E KEITH DFW | G85: 4005.96 | U85: EDIBLE FOODS, STAPLE | V85: FOOD SUPPLIES | W85: JUVENILE PROBATION | X85: JUV DET -ADMIN
V86: JAIL FOOD
V87: MINIMUM SECURITY FOOD
G88: 1863.92 | U88: FOODS, PERISHABLE | V88: JAIL FOOD
V89: MINIMUM SECURITY FOOD
G90: 660.9 | U90: FOODS, READY-TO-EAT | V90: JAIL FOOD
V91: MINIMUM SECURITY FOOD
A92: 452612 | D92: 42808 | G92: 2152.2 | U92: EDIBLE FOODS, STAPLE | V92: JAIL FOOD
V93: MINIMUM SECURITY FOOD
G94: 2281.65 | U94: FOODS, PERISHABLE | V94: JAIL FOOD
V95: MINIMUM SECURITY FOOD
G96: 362.1 | U96: FOODS, READY-TO-EAT | V96: MINIMUM SECURITY FOOD
A97: 452975 | D97: 42815 | G97: 4017.46 | U97: EDIBLE FOODS, STAPLE | V97: JAIL FOOD
V98: MINIMUM SECURITY FOOD
G99: 2376.24 | U99: FOODS, PERISHABLE | V99: JAIL FOOD
V100: MINIMUM SECURITY FOOD
G101: 1620.2 | U101: FOODS, READY-TO-EAT | V101: JAIL FOOD
V102: MINIMUM SECURITY FOOD
A103: 453360 | D103: 42822 | G103: 3248.79 | U103: EDIBLE FOODS, STAPLE | V103: JAIL FOOD
G104: 1874.68 | U104: FOODS, PERISHABLE | V104: JAIL FOOD
G105: 275.76 | U105: FOODS, READY-TO-EAT | V105: JAIL FOOD
K107: =SUM(hList_Frame_1!B50:B70) -> 24739.86
A109: 452119 | D109: 42801 | E109: ROACH, JOHN R JR | G109: 150.87 | V109: TRAVEL REIMBURSEMENT | W109: DISTRICT COURTS | X109: GRANT - TVC VET'S COURT | Y109: GT192C
A110: 452613 | D110: 42808 | G110: 328.1 | U110: j roach-austin, tx | V110: EDUCATION & CONFERENCE | W110: DISTRICT COURTS | X110: 296-VETERANS COURT
O112: =SUM(hList_Frame_1!B71:B72) -> 478.97
A114: 452976 | D114: 42815 | E114: ROMCO EQUIPMENT CO | G114: 287.63 | U114: BLANKET PURCHASE ORDER | V114: HEAVY EQUIPMENT REPAIR | W114: EQUIPMENT SERVICES | X114: EQUIP SERV-SHARED
G116: -1057.01 | U116: INV# 10177267 | V116: HEAVY EQUIPMENT REPAIR | W116: EQUIPMENT SERVICES | X116: EQUIP SERV-SHARED
G118: 1057.01 | U118: INV# 10177511, 10178113 | V118: HEAVY EQUIPMENT REPAIR | W118: EQUIPMENT SERVICES | X118: EQUIP SERV-SHARED
A119: 453361 | D119: 42822 | G119: 2267.82 | U119: BLANKET PURCHASE ORDER | V119: HEAVY EQUIPMENT REPAIR | W119: EQUIPMENT SERVICES | X119: EQUIP SERV-SHARED
M121: =SUM(hList_Frame_1!B73:B78) -> 2555.45
A123: 452120 | D123: 42801 | E123: ALFORD INSURANCE AGENCY | G123: 31.85 | U123: BLANKET PURCHASE ORDER | V123: SPECIAL DELIVERY SERVICE | W123: BUDGET | X123: SUPPORT SERVICES - SHARED
G124: 71 | U124: FINANCIAL/ACCOUNTANCY SER | V124: NOTARY BONDS | W124: UNALLOCATED | X124: NON-DEPARTMENTAL
A125: 452614 | D125: 42808 | G125: 284 | U125: FINANCIAL/ACCOUNTANCY SER | V125: NOTARY BONDS | W125: UNALLOCATED | X125: NON-DEPARTMENTAL
O130: =SUM(hList_Frame_1!B79:B84) -> 386.85
A132: 452000 | D132: 42801 | E132: POSTMASTER MCKINNEY | G132: 225 | U132: First Class Pre Sort Fees | V132: POSTAGE | W132: BUDGET | X132: SUPPORT SERVICES - SHARED
O134: =SUM(hList_Frame_1!B85:B85) -> 225
A136: 452615 | D136: 42808 | E136: BEHAVIORAL MEASURES & FORENSIC | G136: 1200 | U136: BLANKET PURCHASE ORDER | V136: PRE-EMPLOYMENT EXAM | W136: SHERIFF'S OFFICE | X136: JAIL OPS-ADMIN
X137: SO-ADMIN
M139: =SUM(hList_Frame_1!B86:B87) -> 1200
A141: 452121 | D141: 42801 | E141: MCCURDY, DAVID | G141: 235.4 | U141: d mccurdy-austin, tx 2017 | V141: EDUCATION & CONFERENCE | W141: INFORMATION TECHNOLOGY | X141: IT-ADMIN
A142: 452616 | D142: 42808 | G142: 2.2 | U142: d mccurdy-austin, tx 2017 | V142: EDUCATION & CONFERENCE | W142: INFORMATION TECHNOLOGY | X142: IT-ADMIN
O144: =SUM(hList_Frame_1!B88:B89) -> 237.6
A146: 453362 | D146: 42822 | E146: TINSLEY, KIMBERLY | G146: 35 | V146: DUES & SUBSCRIPTIONS | W146: DISTRICT COURTS | X146: 401ST DC-ADMIN
G147: 102 | V147: REPORTERS RECORDS | W147: COURT APPT REPRESENTATION | X147: COURT APPT REPRESENTATION | Y147: ID401P
A148: 453363 | D148: 42822 | G148: 474 | U148: k tinsley-las vegas, nv | V148: EDUCATION & CONFERENCE | W148: DISTRICT COURTS | X148: 401ST DC-ADMIN
P150: =SUM(hList_Frame_1!B90:B92) -> 611
A152: 452617 | D152: 42808 | E152: KEMP, STACEY | G152: 315.06 | U152: s kemp-san marcos,tx 2017 | V152: EDUCATION & CONFERENCE | W152: COUNTY CLERK | X152: COUNTY CLERK-ADMIN
V153: TRAVEL ADVANCES
O155: =SUM(hList_Frame_1!B93:B94) -> 315.06
A157: 453669 | D157: 42824 | E157: NATIONAL PUBLIC SAFETY INFO BUREAU | G157: 522 | U157: PUBLICATIONS/AUDIOVISUALS | V157: DETENTION SUPPLIES | W157: SHERIFF'S OFFICE | X157: JAIL OPS-ADMIN
O159: =SUM(hList_Frame_1!B95:B95) -> 522
A161: 453364 | D161: 42822 | E161: TX COURT REPORTERS ASSOCIATION | G161: 350 | V161: EDUCATION & CONFERENCE | W161: COUNTY COURTS | X161: CCL4-ADMIN
O163: =SUM(hList_Frame_1!B96:B96) -> 350
...

Sheet hList_Frame_1
A1: =IF(ISBLANK('March 2017'!A2),"",IF(ISTEXT('March 2017'!A2),0,'March 2017'!A2)) -> 452603 | B1: =IF(ISBLANK('March 2017'!G2),"",IF(ISTEXT('March 2017'!G2),0,'March 2017'!G2)) -> 998.79
A2: =IF(ISBLANK('March 2017'!A3),"",IF(ISTEXT('March 2017'!A3),0,'March 2017'!A3)) | B2: =IF(ISBLANK('March 2017'!G3),"",IF(ISTEXT('March 2017'!G3),0,'March 2017'!G3))
A3: =IF(ISBLANK('March 2017'!A4),"",IF(ISTEXT('March 2017'!A4),0,'March 2017'!A4)) | B3: =IF(ISBLANK('March 2017'!G4),"",IF(ISTEXT('March 2017'!G4),0,'March 2017'!G4))
A4: =IF(ISBLANK('March 2017'!A5),"",IF(ISTEXT('March 2017'!A5),0,'March 2017'!A5)) | B4: =IF(ISBLANK('March 2017'!G5),"",IF(ISTEXT('March 2017'!G5),0,'March 2017'!G5))
A5: =IF(ISBLANK('March 2017'!A6),"",IF(ISTEXT('March 2017'!A6),0,'March 2017'!A6)) | B5: =IF(ISBLANK('March 2017'!G6),"",IF(ISTEXT('March 2017'!G6),0,'March 2017'!G6))
A6: =IF(ISBLANK('March 2017'!A7),"",IF(ISTEXT('March 2017'!A7),0,'March 2017'!A7)) | B6: =IF(ISBLANK('March 2017'!G7),"",IF(ISTEXT('March 2017'!G7),0,'March 2017'!G7))
A7: =IF(ISBLANK('March 2017'!A8),"",IF(ISTEXT('March 2017'!A8),0,'March 2017'!A8)) | B7: =IF(ISBLANK('March 2017'!G8),"",IF(ISTEXT('March 2017'!G8),0,'March 2017'!G8))
A8: =IF(ISBLANK('March 2017'!A9),"",IF(ISTEXT('March 2017'!A9),0,'March 2017'!A9)) | B8: =IF(ISBLANK('March 2017'!G9),"",IF(ISTEXT('March 2017'!G9),0,'March 2017'!G9))
A9: =IF(ISBLANK('March 2017'!A10),"",IF(ISTEXT('March 2017'!A10),0,'March 2017'!A10)) | B9: =IF(ISBLANK('March 2017'!G10),"",IF(ISTEXT('March 2017'!G10),0,'March 2017'!G10))
A10: =IF(ISBLANK('March 2017'!A11),"",IF(ISTEXT('March 2017'!A11),0,'March 2017'!A11)) | B10: =IF(ISBLANK('March 2017'!G11),"",IF(ISTEXT('March 2017'!G11),0,'March 2017'!G11))
A11: =IF(ISBLANK('March 2017'!A12),"",IF(ISTEXT('March 2017'!A12),0,'March 2017'!A12)) -> 452973 | B11: =IF(ISBLANK('March 2017'!G12),"",IF(ISTEXT('March 2017'!G12),0,'March 2017'!G12)) -> 370.49
A12: =IF(ISBLANK('March 2017'!A13),"",IF(ISTEXT('March 2017'!A13),0,'March 2017'!A13)) | B12: =IF(ISBLANK('March 2017'!G13),"",IF(ISTEXT('March 2017'!G13),0,'March 2017'!G13))
... A15: =IF(ISBLANK('March 2017'!A16),"",IF(ISTEXT('March 2017'!A16),0,'March 2017'!A16)) | B15: =IF(ISBLANK('March 2017'!G16),"",IF(ISTEXT('March 2017'!G16),0,'March 2017'!G16)) -> -75
A16: =IF(ISBLANK('March 2017'!A20),"",IF(ISTEXT('March 2017'!A20),0,'March 2017'!A20)) -> 452112 | B16: =IF(ISBLANK('March 2017'!G20),"",IF(ISTEXT('March 2017'!G20),0,'March 2017'!G20)) -> 597.79
A17: =IF(ISBLANK('March 2017'!A21),"",IF(ISTEXT('March 2017'!A21),0,'March 2017'!A21)) | B17: =IF(ISBLANK('March 2017'!G21),"",IF(ISTEXT('March 2017'!G21),0,'March 2017'!G21)) -> 37.2
A18: =IF(ISBLANK('March 2017'!A22),"",IF(ISTEXT('March 2017'!A22),0,'March 2017'!A22)) -> 452604 | B18: =IF(ISBLANK('March 2017'!G22),"",IF(ISTEXT('March 2017'!G22),0,'March 2017'!G22)) -> 605.88
A19: =IF(ISBLANK('March 2017'!A26),"",IF(ISTEXT('March 2017'!A26),0,'March 2017'!A26)) -> 452605 | B19: =IF(ISBLANK('March 2017'!G26),"",IF(ISTEXT('March 2017'!G26),0,'March 2017'!G26)) -> 3472.65
A20: =IF(ISBLANK('March 2017'!A30),"",IF(ISTEXT('March 2017'!A30),0,'March 2017'!A30)) -> 452113 | B20: =IF(ISBLANK('March 2017'!G30),"",IF(ISTEXT('March 2017'!G30),0,'March 2017'!G30)) -> 196.18
A21: =IF(ISBLANK('March 2017'!A34),"",IF(ISTEXT('March 2017'!A34),0,'March 2017'!A34)) -> 452463 | B21: =IF(ISBLANK('March 2017'!G34),"",IF(ISTEXT('March 2017'!G34),0,'March 2017'!G34)) -> 5000
A22: =IF(ISBLANK('March 2017'!A35),"",IF(ISTEXT('March 2017'!A35),0,'March 2017'!A35)) -> 452464 | B22: =IF(ISBLANK('March 2017'!G35),"",IF(ISTEXT('March 2017'!G35),0,'March 2017'!G35)) -> 4316.96
A23: =IF(ISBLANK('March 2017'!A36),"",IF(ISTEXT('March 2017'!A36),0,'March 2017'!A36)) | B23: =IF(ISBLANK('March 2017'!G36),"",IF(ISTEXT('March 2017'!G36),0,'March 2017'!G36))
A24: =IF(ISBLANK('March 2017'!A40),"",IF(ISTEXT('March 2017'!A40),0,'March 2017'!A40)) -> 452005 | B24: =IF(ISBLANK('March 2017'!G40),"",IF(ISTEXT('March 2017'!G40),0,'March 2017'!G40)) -> 450
A25: =IF(ISBLANK('March 2017'!A42),"",IF(ISTEXT('March 2017'!A42),0,'March 2017'!A42)) | B25: =IF(ISBLANK('March 2017'!G42),"",IF(ISTEXT('March 2017'!G42),0,'March 2017'!G42)) -> 500
A26: =IF(ISBLANK('March 2017'!A43),"",IF(ISTEXT('March 2017'!A43),0,'March 2017'!A43)) -> 452465 | B26: =IF(ISBLANK('March 2017'!G43),"",IF(ISTEXT('March 2017'!G43),0,'March 2017'!G43)) -> 450
A27: =IF(ISBLANK('March 2017'!A44),"",IF(ISTEXT('March 2017'!A44),0,'March 2017'!A44)) | B27: =IF(ISBLANK('March 2017'!G44),"",IF(ISTEXT('March 2017'!G44),0,'March 2017'!G44)) -> 450
A28: =IF(ISBLANK('March 2017'!A45),"",IF(ISTEXT('March 2017'!A45),0,'March 2017'!A45)) -> 452876 | B28: =IF(ISBLANK('March 2017'!G45),"",IF(ISTEXT('March 2017'!G45),0,'March 2017'!G45)) -> 100
A29: =IF(ISBLANK('March 2017'!A46),"",IF(ISTEXT('March 2017'!A46),0,'March 2017'!A46)) | B29: =IF(ISBLANK('March 2017'!G46),"",IF(ISTEXT('March 2017'!G46),0,'March 2017'!G46)) -> 100
A30: =IF(ISBLANK('March 2017'!A47),"",IF(ISTEXT('March 2017'!A47),0,'March 2017'!A47)) | B30: =IF(ISBLANK('March 2017'!G47),"",IF(ISTEXT('March 2017'!G47),0,'March 2017'!G47)) -> 100
A31: =IF(ISBLANK('March 2017'!A48),"",IF(ISTEXT('March 2017'!A48),0,'March 2017'!A48)) | B31: =IF(ISBLANK('March 2017'!G48),"",IF(ISTEXT('March 2017'!G48),0,'March 2017'!G48)) -> 100
A32: =IF(ISBLANK('March 2017'!A49),"",IF(ISTEXT('March 2017'!A49),0,'March 2017'!A49)) | B32: =IF(ISBLANK('March 2017'!G49),"",IF(ISTEXT('March 2017'!G49),0,'March 2017'!G49)) -> 100
A33: =IF(ISBLANK('March 2017'!A50),"",IF(ISTEXT('March 2017'!A50),0,'March 2017'!A50)) | B33: =IF(ISBLANK('March 2017'!G50),"",IF(ISTEXT('March 2017'!G50),0,'March 2017'!G50)) -> 100
A34: =IF(ISBLANK('March 2017'!A54),"",IF(ISTEXT('March 2017'!A54),0,'March 2017'!A54)) -> 452114 | B34: =IF(ISBLANK('March 2017'!G54),"",IF(ISTEXT('March 2017'!G54),0,'March 2017'!G54)) -> 33.6
A35: =IF(ISBLANK('March 2017'!A55),"",IF(ISTEXT('March 2017'!A55),0,'March 2017'!A55)) -> 452606 | B35: =IF(ISBLANK('March 2017'!G55),"",IF(ISTEXT('March 2017'!G55),0,'March 2017'!G55)) -> 1918.6
A36: =IF(ISBLANK('March 2017'!A59),"",IF(ISTEXT('March 2017'!A59),0,'March 2017'!A59)) -> 452115 | B36: =IF(ISBLANK('March 2017'!G59),"",IF(ISTEXT('March 2017'!G59),0,'March 2017'!G59)) -> 2084.46
A37: =IF(ISBLANK('March 2017'!A60),"",IF(ISTEXT('March 2017'!A60),0,'March 2017'!A60)) | B37: =IF(ISBLANK('March 2017'!G60),"",IF(ISTEXT('March 2017'!G60),0,'March 2017'!G60))
A38: =IF(ISBLANK('March 2017'!A61),"",IF(ISTEXT('March 2017'!A61),0,'March 2017'!A61)) -> 453357 | B38: =IF(ISBLANK('March 2017'!G61),"",IF(ISTEXT('March 2017'!G61),0,'March 2017'!G61)) -> 519.8
A39: =IF(ISBLANK('March 2017'!A65),"",IF(ISTEXT('March 2017'!A65),0,'March 2017'!A65)) -> 452607 | B39: =IF(ISBLANK('March 2017'!G65),"",IF(ISTEXT('March 2017'!G65),0,'March 2017'!G65)) -> 538
A40: =IF(ISBLANK('March 2017'!A66),"",IF(ISTEXT('March 2017'!A66),0,'March 2017'!A66)) -> 452608 | B40: =IF(ISBLANK('March 2017'!G66),"",IF(ISTEXT('March 2017'!G66),0,'March 2017'!G66)) -> 2950.18
A41: =IF(ISBLANK('March 2017'!A67),"",IF(ISTEXT('March 2017'!A67),0,'March 2017'!A67)) -> 452609 | B41: =IF(ISBLANK('March 2017'!G67),"",IF(ISTEXT('March 2017'!G67),0,'March 2017'!G67)) -> 6551
A42: =IF(ISBLANK('March 2017'!A68),"",IF(ISTEXT('March 2017'!A68),0,'March 2017'!A68)) -> 452974 | B42: =IF(ISBLANK('March 2017'!G68),"",IF(ISTEXT('March 2017'!G68),0,'March 2017'!G68)) -> 291.04
A43: =IF(ISBLANK('March 2017'!A69),"",IF(ISTEXT('March 2017'!A69),0,'March 2017'!A69)) -> 453358 | B43: =IF(ISBLANK('March 2017'!G69),"",IF(ISTEXT('March 2017'!G69),0,'March 2017'!G69)) -> 3550.96
A44: =IF(ISBLANK('March 2017'!A70),"",IF(ISTEXT('March 2017'!A70),0,'March 2017'!A70)) -> 453359 | B44: =IF(ISBLANK('March 2017'!G70),"",IF(ISTEXT('March 2017'!G70),0,'March 2017'!G70)) -> 58
A45: =IF(ISBLANK('March 2017'!A74),"",IF(ISTEXT('March 2017'!A74),0,'March 2017'!A74)) -> 452116 | B45: =IF(ISBLANK('March 2017'!G74),"",IF(ISTEXT('March 2017'!G74),0,'March 2017'!G74)) -> 15.51
A46: =IF(ISBLANK('March 2017'!A75),"",IF(ISTEXT('March 2017'!A75),0,'March 2017'!A75)) -> 452610 | B46: =IF(ISBLANK('March 2017'!G75),"",IF(ISTEXT('March 2017'!G75),0,'March 2017'!G75)) -> 72.53
A47: =IF(ISBLANK('March 2017'!A76),"",IF(ISTEXT('March 2017'!A76),0,'March 2017'!A76)) | B47: =IF(ISBLANK('March 2017'!G76),"",IF(ISTEXT('March 2017'!G76),0,'March 2017'!G76))
A48: =IF(ISBLANK('March 2017'!A80),"",IF(ISTEXT('March 2017'!A80),0,'March 2017'!A80)) -> 452117 | B48: =IF(ISBLANK('March 2017'!G80),"",IF(ISTEXT('March 2017'!G80),0,'March 2017'!G80)) -> 23.83
A49: =IF(ISBLANK('March 2017'!A81),"",IF(ISTEXT('March 2017'!A81),0,'March 2017'!A81)) -> 452611 | B49: =IF(ISBLANK('March 2017'!G81),"",IF(ISTEXT('March 2017'!G81),0,'March 2017'!G81)) -> 80.42
A50: =IF(ISBLANK('March 2017'!A85),"",IF(ISTEXT('March 2017'!A85),0,'March 2017'!A85)) -> 452118 | B50: =IF(ISBLANK('March 2017'!G85),"",IF(ISTEXT('March 2017'!G85),0,'March 2017'!G85)) -> 4005.96
A51: =IF(ISBLANK('March 2017'!A86),"",IF(ISTEXT('March 2017'!A86),0,'March 2017'!A86)) | B51: =IF(ISBLANK('March 2017'!G86),"",IF(ISTEXT('March 2017'!G86),0,'March 2017'!G86))
A52: =IF(ISBLANK('March 2017'!A87),"",IF(ISTEXT('March 2017'!A87),0,'March 2017'!A87)) | B52: =IF(ISBLANK('March 2017'!G87),"",IF(ISTEXT('March 2017'!G87),0,'March 2017'!G87))
A53: =IF(ISBLANK('March 2017'!A88),"",IF(ISTEXT('March 2017'!A88),0,'March 2017'!A88)) | B53: =IF(ISBLANK('March 2017'!G88),"",IF(ISTEXT('March 2017'!G88),0,'March 2017'!G88)) -> 1863.92
A54: =IF(ISBLANK('March 2017'!A89),"",IF(ISTEXT('March 2017'!A89),0,'March 2017'!A89)) | B54: =IF(ISBLANK('March 2017'!G89),"",IF(ISTEXT('March 2017'!G89),0,'March 2017'!G89))
A55: =IF(ISBLANK('March 2017'!A90),"",IF(ISTEXT('March 2017'!A90),0,'March 2017'!A90)) | B55: =IF(ISBLANK('March 2017'!G90),"",IF(ISTEXT('March 2017'!G90),0,'March 2017'!G90)) -> 660.9
A56: =IF(ISBLANK('March 2017'!A91),"",IF(ISTEXT('March 2017'!A91),0,'March 2017'!A91)) | B56: =IF(ISBLANK('March 2017'!G91),"",IF(ISTEXT('March 2017'!G91),0,'March 2017'!G91))
A57: =IF(ISBLANK('March 2017'!A92),"",IF(ISTEXT('March 2017'!A92),0,'March 2017'!A92)) -> 452612 | B57: =IF(ISBLANK('March 2017'!G92),"",IF(ISTEXT('March 2017'!G92),0,'March 2017'!G92)) -> 2152.2
A58: =IF(ISBLANK('March 2017'!A93),"",IF(ISTEXT('March 2017'!A93),0,'March 2017'!A93)) | B58: =IF(ISBLANK('March 2017'!G93),"",IF(ISTEXT('March 2017'!G93),0,'March 2017'!G93))
A59: =IF(ISBLANK('March 2017'!A94),"",IF(ISTEXT('March 2017'!A94),0,'March 2017'!A94)) | B59: =IF(ISBLANK('March 2017'!G94),"",IF(ISTEXT('March 2017'!G94),0,'March 2017'!G94)) -> 2281.65
A60: =IF(ISBLANK('March 2017'!A95),"",IF(ISTEXT('March 2017'!A95),0,'March 2017'!A95)) | B60: =IF(ISBLANK('March 2017'!G95),"",IF(ISTEXT('March 2017'!G95),0,'March 2017'!G95))
A61: =IF(ISBLANK('March 2017'!A96),"",IF(ISTEXT('March 2017'!A96),0,'March 2017'!A96)) | B61: =IF(ISBLANK('March 2017'!G96),"",IF(ISTEXT('March 2017'!G96),0,'March 2017'!G96)) -> 362.1
... A70: =IF(ISBLANK('March 2017'!A105),"",IF(ISTEXT('March 2017'!A105),0,'March 2017'!A105)) | B70: =IF(ISBLANK('March 2017'!G105),"",IF(ISTEXT('March 2017'!G105),0,'March 2017'!G105)) -> 275.76
A71: =IF(ISBLANK('March 2017'!A109),"",IF(ISTEXT('March 2017'!A109),0,'March 2017'!A109)) -> 452119 | B71: =IF(ISBLANK('March 2017'!G109),"",IF(ISTEXT('March 2017'!G109),0,'March 2017'!G109)) -> 150.87
A72: =IF(ISBLANK('March 2017'!A110),"",IF(ISTEXT('March 2017'!A110),0,'March 2017'!A110)) -> 452613 | B72: =IF(ISBLANK('March 2017'!G110),"",IF(ISTEXT('March 2017'!G110),0,'March 2017'!G110)) -> 328.1
A73: =IF(ISBLANK('March 2017'!A114),"",IF(ISTEXT('March 2017'!A114),0,'March 2017'!A114)) -> 452976 | B73: =IF(ISBLANK('March 2017'!G114),"",IF(ISTEXT('March 2017'!G114),0,'March 2017'!G114)) -> 287.63
A74: =IF(ISBLANK('March 2017'!A115),"",IF(ISTEXT('March 2017'!A115),0,'March 2017'!A115)) | B74: =IF(ISBLANK('March 2017'!G115),"",IF(ISTEXT('March 2017'!G115),0,'March 2017'!G115))
A75: =IF(ISBLANK('March 2017'!A116),"",IF(ISTEXT('March 2017'!A116),0,'March 2017'!A116)) | B75: =IF(ISBLANK('March 2017'!G116),"",IF(ISTEXT('March 2017'!G116),0,'March 2017'!G116)) -> -1057.01
A76: =IF(ISBLANK('March 2017'!A117),"",IF(ISTEXT('March 2017'!A117),0,'March 2017'!A117)) | B76: =IF(ISBLANK('March 2017'!G117),"",IF(ISTEXT('March 2017'!G117),0,'March 2017'!G117))
A77: =IF(ISBLANK('March 2017'!A118),"",IF(ISTEXT('March 2017'!A118),0,'March 2017'!A118)) | B77: =IF(ISBLANK('March 2017'!G118),"",IF(ISTEXT('March 2017'!G118),0,'March 2017'!G118)) -> 1057.01
A78: =IF(ISBLANK('March 2017'!A119),"",IF(ISTEXT('March 2017'!A119),0,'March 2017'!A119)) -> 453361 | B78: =IF(ISBLANK('March 2017'!G119),"",IF(ISTEXT('March 2017'!G119),0,'March 2017'!G119)) -> 2267.82
A79: =IF(ISBLANK('March 2017'!A123),"",IF(ISTEXT('March 2017'!A123),0,'March 2017'!A123)) -> 452120 | B79: =IF(ISBLANK('March 2017'!G123),"",IF(ISTEXT('March 2017'!G123),0,'March 2017'!G123)) -> 31.85
A80: =IF(ISBLANK('March 2017'!A124),"",IF(ISTEXT('March 2017'!A124),0,'March 2017'!A124)) | B80: =IF(ISBLANK('March 2017'!G124),"",IF(ISTEXT('March 2017'!G124),0,'March 2017'!G124)) -> 71
A81: =IF(ISBLANK('March 2017'!A125),"",IF(ISTEXT('March 2017'!A125),0,'March 2017'!A125)) -> 452614 | B81: =IF(ISBLANK('March 2017'!G125),"",IF(ISTEXT('March 2017'!G125),0,'March 2017'!G125)) -> 284
A82: =IF(ISBLANK('March 2017'!A126),"",IF(ISTEXT('March 2017'!A126),0,'March 2017'!A126)) | B82: =IF(ISBLANK('March 2017'!G126),"",IF(ISTEXT('March 2017'!G126),0,'March 2017'!G126))
A83: =IF(ISBLANK('March 2017'!A127),"",IF(ISTEXT('March 2017'!A127),0,'March 2017'!A127)) | B83: =IF(ISBLANK('March 2017'!G127),"",IF(ISTEXT('March 2017'!G127),0,'March 2017'!G127))
A84: =IF(ISBLANK('March 2017'!A128),"",IF(ISTEXT('March 2017'!A128),0,'March 2017'!A128)) | B84: =IF(ISBLANK('March 2017'!G128),"",IF(ISTEXT('March 2017'!G128),0,'March 2017'!G128))
A85: =IF(ISBLANK('March 2017'!A132),"",IF(ISTEXT('March 2017'!A132),0,'March 2017'!A132)) -> 452000 | B85: =IF(ISBLANK('March 2017'!G132),"",IF(ISTEXT('March 2017'!G132),0,'March 2017'!G132)) -> 225
A86: =IF(ISBLANK('March 2017'!A136),"",IF(ISTEXT('March 2017'!A136),0,'March 2017'!A136)) -> 452615 | B86: =IF(ISBLANK('March 2017'!G136),"",IF(ISTEXT('March 2017'!G136),0,'March 2017'!G136)) -> 1200
A87: =IF(ISBLANK('March 2017'!A137),"",IF(ISTEXT('March 2017'!A137),0,'March 2017'!A137)) | B87: =IF(ISBLANK('March 2017'!G137),"",IF(ISTEXT('March 2017'!G137),0,'March 2017'!G137))
A88: =IF(ISBLANK('March 2017'!A141),"",IF(ISTEXT('March 2017'!A141),0,'March 2017'!A141)) -> 452121 | B88: =IF(ISBLANK('March 2017'!G141),"",IF(ISTEXT('March 2017'!G141),0,'March 2017'!G141)) -> 235.4
A89: =IF(ISBLANK('March 2017'!A142),"",IF(ISTEXT('March 2017'!A142),0,'March 2017'!A142)) -> 452616 | B89: =IF(ISBLANK('March 2017'!G142),"",IF(ISTEXT('March 2017'!G142),0,'March 2017'!G142)) -> 2.2
A90: =IF(ISBLANK('March 2017'!A146),"",IF(ISTEXT('March 2017'!A146),0,'March 2017'!A146)) -> 453362 | B90: =IF(ISBLANK('March 2017'!G146),"",IF(ISTEXT('March 2017'!G146),0,'March 2017'!G146)) -> 35
A91: =IF(ISBLANK('March 2017'!A147),"",IF(ISTEXT('March 2017'!A147),0,'March 2017'!A147)) | B91: =IF(ISBLANK('March 2017'!G147),"",IF(ISTEXT('March 2017'!G147),0,'March 2017'!G147)) -> 102
A92: =IF(ISBLANK('March 2017'!A148),"",IF(ISTEXT('March 2017'!A148),0,'March 2017'!A148)) -> 453363 | B92: =IF(ISBLANK('March 2017'!G148),"",IF(ISTEXT('March 2017'!G148),0,'March 2017'!G148)) -> 474
A93: =IF(ISBLANK('March 2017'!A152),"",IF(ISTEXT('March 2017'!A152),0,'March 2017'!A152)) -> 452617 | B93: =IF(ISBLANK('March 2017'!G152),"",IF(ISTEXT('March 2017'!G152),0,'March 2017'!G152)) -> 315.06
A94: =IF(ISBLANK('March 2017'!A153),"",IF(ISTEXT('March 2017'!A153),0,'March 2017'!A153)) | B94: =IF(ISBLANK('March 2017'!G153),"",IF(ISTEXT('March 2017'!G153),0,'March 2017'!G153))
A95: =IF(ISBLANK('March 2017'!A157),"",IF(ISTEXT('March 2017'!A157),0,'March 2017'!A157)) -> 453669 | B95: =IF(ISBLANK('March 2017'!G157),"",IF(ISTEXT('March 2017'!G157),0,'March 2017'!G157)) -> 522
A96: =IF(ISBLANK('March 2017'!A161),"",IF(ISTEXT('March 2017'!A161),0,'March 2017'!A161)) -> 453364 | B96: =IF(ISBLANK('March 2017'!G161),"",IF(ISTEXT('March 2017'!G161),0,'March 2017'!G161)) -> 350
A97: =IF(ISBLANK('March 2017'!A165),"",IF(ISTEXT('March 2017'!A165),0,'March 2017'!A165)) -> 452125 | B97: =IF(ISBLANK('March 2017'!G165),"",IF(ISTEXT('March 2017'!G165),0,'March 2017'!G165)) -> 998.8
A98: =IF(ISBLANK('March 2017'!A166),"",IF(ISTEXT('March 2017'!A166),0,'March 2017'!A166)) | B98: =IF(ISBLANK('March 2017'!G166),"",IF(ISTEXT('March 2017'!G166),0,'March 2017'!G166)) -> 3169.97
A99: =IF(ISBLANK('March 2017'!A167),"",IF(ISTEXT('March 2017'!A167),0,'March 2017'!A167)) | B99: =IF(ISBLANK('March 2017'!G167),"",IF(ISTEXT('March 2017'!G167),0,'March 2017'!G167))
A100: =IF(ISBLANK('March 2017'!A168),"",IF(ISTEXT('March 2017'!A168),0,'March 2017'!A168)) | B100: =IF(ISBLANK('March 2017'!G168),"",IF(ISTEXT('March 2017'!G168),0,'March 2017'!G168))
A101: =IF(ISBLANK('March 2017'!A169),"",IF(ISTEXT('March 2017'!A169),0,'March 2017'!A169)) | B101: =IF(ISBLANK('March 2017'!G169),"",IF(ISTEXT('March 2017'!G169),0,'March 2017'!G169))
A102: =IF(ISBLANK('March 2017'!A170),"",IF(ISTEXT('March 2017'!A170),0,'March 2017'!A170)) | B102: =IF(ISBLANK('March 2017'!G170),"",IF(ISTEXT('March 2017'!G170),0,'March 2017'!G170))
A103: =IF(ISBLANK('March 2017'!A171),"",IF(ISTEXT('March 2017'!A171),0,'March 2017'!A171)) | B103: =IF(ISBLANK('March 2017'!G171),"",IF(ISTEXT('March 2017'!G171),0,'March 2017'!G171))
A104: =IF(ISBLANK('March 2017'!A172),"",IF(ISTEXT('March 2017'!A172),0,'March 2017'!A172)) | B104: =IF(ISBLANK('March 2017'!G172),"",IF(ISTEXT('March 2017'!G172),0,'March 2017'!G172))
A105: =IF(ISBLANK('March 2017'!A173),"",IF(ISTEXT('March 2017'!A173),0,'March 2017'!A173)) | B105: =IF(ISBLANK('March 2017'!G173),"",IF(ISTEXT('March 2017'!G173),0,'March 2017'!G173))
A106: =IF(ISBLANK('March 2017'!A174),"",IF(ISTEXT('March 2017'!A174),0,'March 2017'!A174)) | B106: =IF(ISBLANK('March 2017'!G174),"",IF(ISTEXT('March 2017'!G174),0,'March 2017'!G174))
A107: =IF(ISBLANK('March 2017'!A175),"",IF(ISTEXT('March 2017'!A175),0,'March 2017'!A175)) | B107: =IF(ISBLANK('March 2017'!G175),"",IF(ISTEXT('March 2017'!G175),0,'March 2017'!G175))
A108: =IF(ISBLANK('March 2017'!A176),"",IF(ISTEXT('March 2017'!A176),0,'March 2017'!A176)) | B108: =IF(ISBLANK('March 2017'!G176),"",IF(ISTEXT('March 2017'!G176),0,'March 2017'!G176))
... A282: =IF(ISBLANK('March 2017'!A350),"",IF(ISTEXT('March 2017'!A350),0,'March 2017'!A350)) -> 453368 | B282: =IF(ISBLANK('March 2017'!G350),"",IF(ISTEXT('March 2017'!G350),0,'March 2017'!G350)) -> 3.29
A283: =IF(ISBLANK('March 2017'!A354),"",IF(ISTEXT('March 2017'!A354),0,'March 2017'!A354)) -> 452623 | B283: =IF(ISBLANK('March 2017'!G354),"",IF(ISTEXT('March 2017'!G354),0,'March 2017'!G354)) -> 80.25
...
